 Dungeon Crawl Stone Soup version 0.27.1-35-g4d5d836560 (console) character file.

Game seed: 1391503426299470741

1271 Banquo the Chopper (level 8, 0/64 HPs)
             Began as a Formicid Fighter on Mar 5, 2022.
             Was a Believer of Okawaru.
             Succumbed to Duvessa's poison
             ... on level 6 of the Dungeon.
             The game lasted 00:14:11 (6817 turns).

Banquo the Chopper (Formicid Fighter)               Turns: 6817, Time: 00:14:11

Health: 0/64       AC:  8    Str: 23    XL:     8   Next: 83%
Magic:  10/10      EV:  9    Int:  8    God:    Okawaru [**....]
Gold:   262        SH:  0    Dex: 10    Spells: 7/7 levels left

rFire    . . .     SeeInvis +   a - +1 war axe
rCold    . . .     Faith    .   c - +0 kite shield
rNeg     + . .     Spirit   .   b - +0 scale mail
rPois    .         Reflect  .   (helmet unavailable)
rElec    .         Harm     .   p - scarf {repulsion}
rCorr    .         Rampage  .   (no gloves)
Will     .....                  l - +0 pair of boots
Stlth    ..........             (no amulet)
HPRegen  0.20/turn              i - ring of positive energy
MPRegen  0.12/turn              (no ring)

@: confused, brilliant, lethally poisoned (0 -> -35), ambrosia-drunk, studying
Fighting, repel missiles
A: permanent stasis, dig shafts and tunnels, antennae 3, four strong arms
a: Dig, Shaft Self, Renounce Religion, Heroism


You were on level 6 of the Dungeon.
You worshipped Okawaru.
Okawaru was pleased with you.
You visited 1 branch of the dungeon, and saw 6 of its levels.

You collected 262 gold pieces.

Inventory:

Hand Weapons
 a - a +1 war axe (weapon)
 e - a +2 whip of pain
 m - a +0 whip of venom
Missiles
 h - 89 stones
 s - 7 poisoned darts
 t - a curare-tipped dart
Armour
 b - a +0 scale mail (worn)
 c - a +0 kite shield (worn)
 l - a +0 pair of boots (worn)
 p - a scarf of repulsion (worn)
Jewellery
 i - a ring of positive energy (left hand)
Wands
 r - a wand of acid (8)
Potions
 d - a potion of might
 f - a potion of heal wounds {unknown}
 g - a potion of magic
 j - a potion of cancellation {unknown}
 k - a potion of flight {unknown}
 n - a potion of mutation {unknown}
 o - 2 potions of brilliance


   Skills:
 * Level 6.0 Fighting
 * Level 7.9 Axes
 + Level 4.5 Armour
 + Level 1.5 Dodging
 + Level 4.7 Shields
 * Level 3.8 Invocations


You had 7 spell levels left.
You didn't know any spells.
Your spell library contained the following spells:

 Spells                   Type           Power      Damage    Failure   Level
 Magic Dart               Conj           0%         1d3       95%         1
 Searing Ray              Conj           0%         3d3       99%         2
 Call Canine Familiar     Summ           0%         N/A       100%        3
 Portal Projectile        Hex/Tloc       0%         N/A       100%        3
 Fulminant Prism          Conj/Hex       0%         3d6       100%        4
 Iskenderun's Mystic Bla  Conj/Tloc      0%         2d3       100%        4
 Leda's Liquefaction      Hex/Erth       0%         N/A       100%        4
 Lee's Rapid Deconstruct  Erth           0%         3d5*      100%        5
 Dispersal                Tloc           0%         N/A       100%        6
 Disjunction              Tloc           0%         N/A       100%        8


Dungeon Overview and Level Annotations

Branches:
Dungeon (6/15)
 Temple: D:4-7

Altars:
Cheibriados
Hepliaklqana
Okawaru
Qazlal
Vehumet
Yredelemnul

Annotations:
D:6 1 runed translucent door, Dowan; Duvessa; HangedMan's ghost, novice OpWz


Innate Abilities, Weirdness & Mutations

You cannot be hasted, slowed, berserked, paralysed or teleported.
You can dig through walls and to a lower floor.
You have a pair of large antennae on your head. (SInv)
Your four strong arms can wield two-handed weapons with a shield.


Message History

Duvessa seems to speed up.
Duvessa says, "Did you see that move?
Perfect!"
You dig through the rock wall.
You dig through the rock wall.
You dig through the rock wall.
Duvessa says, "My weaknesses are his strengths!"
You block Duvessa's attack.
You dig through the rock wall.
Duvessa says, "My weaknesses are his strengths!"
You block Duvessa's attack.
You retract your mandibles.
You block Duvessa's attack.
You extend your mandibles.
You dig through the rock wall.
You dig through the rock wall.
Duvessa hits you with a +3 rapier of venom!
You are poisoned.
You retract your mandibles.
You completely miss Duvessa.
You feel very sick.
Duvessa hits you with a +3 rapier of venom.
You are more poisoned.
Duvessa hits you with a +3 rapier of venom.
You are more poisoned.
You slash Duvessa!
Duvessa is lightly wounded.
You feel extremely sick.
Duvessa hits you with a +3 rapier of venom!
You are lethally poisoned!
Duvessa hits you with a +3 rapier of venom!
* * * LOW HITPOINT WARNING * * *
You are more poisoned.
It was a potion of brilliance.
You feel clever all of a sudden.
* * * LOW HITPOINT WARNING * * *
You feel extremely sick. Duvessa barely misses you.
It was a potion of ambrosia.
You are confused.
You feel invigorated.
You die...

#########.......#
.......##.......######## #
................##.....# ######
.......##....)..##.....# #.....
.......##.......##.....#####.####
.......##.......##...<.......#
.......######.####.....##########
..)....# ##.#e##.....# #....
.......# ##..{#@#.....# #.###
####.### ##.##.###.....# #.#⌠≈
####.#####.###..##.....# ####.#≈≈
#>.....##.## ##..####.## #....#≈≈
#...##.###.#####..###.####....##≈
#.........###.#.#..##.##.......#≈
#...##..#.####)###..#.##.#....##≈
#...###.....#### ##...##.#....#≈≈
##.## ##.##..#######.....###..#≈≈


You could see Duvessa (fast).

Vanquished Creatures
  An ice beast (D:5)
  A black bear (D:5)
  An ogre (D:3)
  2 necrophages
  A sky beast (D:6)
  A phantom (D:4)
  A kobold brigand (D:6)
  2 scorpions
  A water moccasin zombie (D:5)
  An orc priest (D:5)
  2 hounds
  A bullfrog skeleton (D:4)
  2 iguanas (D:5)
  A hound skeleton (D:4)
  10 adders
  4 gnolls (D:2)
  A shadow imp (D:5)
  A worm (D:6)
  An adder skeleton (D:2)
  2 dart slugs (D:4)
  14 orcs
  5 endoplasms
  3 giant cockroaches
  4 goblins
  7 hobgoblins
  9 jackals
  10 kobolds
  3 quokkas
  7 ball pythons
  8 bats
  3 frilled lizards
  7 rats
117 creatures vanquished.

Notes
Turn   | Place    | Note
-------+----------+-------------------------------------------
     0 | D:1      | Banquo the Formicid Fighter began the quest for the Orb.
     0 | D:1      | Reached XP level 1. HP: 18/18 MP: 1/1
   311 | D:1      | Reached XP level 2. HP: 24/24 MP: 2/2
   622 | D:1      | Reached skill level 3 in Axes
  1110 | D:2      | Reached XP level 3. HP: 28/29 MP: 3/3
  1147 | D:2      | Reached skill level 4 in Axes
  1147 | D:2      | Reached XP level 4. HP: 10/35 MP: 4/4
  1840 | D:2      | Found a faded altar of an unknown god.
  1852 | D:2      | Became a worshipper of Warmaster Okawaru
  1852 | D:2      | Reached * piety under Okawaru
  2301 | D:3      | Reached XP level 5. HP: 30/41 MP: 5/5
  2473 | D:3      | Reached skill level 5 in Axes
  2607 | D:3      | Found a stormy altar of Qazlal.
  2729 | D:3      | Found a radiant altar of Vehumet.
  2752 | D:3      | Noticed an ogre
  2762 | D:3      | Killed an ogre
  2763 | D:3      | Reached skill level 1 in Invocations
  2763 | D:3      | Reached XP level 6. HP: 38/47 MP: 3/6
  3104 | D:4      | Identified a scroll of acquirement
  3104 | D:4      | Acquired a manual of Fighting
  3443 | D:4      | Reached skill level 6 in Axes
  3443 | D:4      | Reached XP level 7. HP: 44/53 MP: 8/8
  3823 | D:4      | Found a hazy altar of Hepliaklqana.
  3823 | D:4      | Found a basalt altar of Yredelemnul.
  4009 | D:4      | Reached ** piety under Okawaru
  4372 | D:5      | Entered Level 5 of the Dungeon
  4488 | D:5      | Reached skill level 1 in Dodging
  4835 | D:5      | Reached XP level 8. HP: 36/61 MP: 10/10
  5096 | D:5      | Reached skill level 5 in Fighting
  5096 | D:5      | Reached skill level 7 in Axes
  6016 | D:6      | Noticed HangedMan's ghost (novice OpWz)
  6016 | D:6      | Found a runed translucent door.
  6120 | D:6      | Found a snail-covered altar of Cheibriados.
  6800 | D:6      | Noticed Duvessa
  6804 | D:6      | Noticed Dowan
  6817 | D:6      | Succumbed to Duvessa's poison

Illustrated notes

Levels and vault maps discovered:
D:1:      minmay_arrival_plants_in_alcoves, layout_loops_ring
D:2:      layout_basic, serial_glass, glass_columns_a, glass_columns_c,
          feat_on_display, feat_on_display, feat_on_display, item_on_display_a,
          ebering_ecumenical_altar_ruins
D:3:      layout_basic, grunt_qazlal_clouds, mainiacjoe_overflow_alcove_2,
          minmay_ruptured
D:4:      layout_layer_cave, mainiacjoe_overflow_divided_tiny
D:5:      layout_basic
D:6:      layout_rooms, cheibrodos_worm_habitat, hellmonk_ghost_happy_afterlife,
          uniq_duvessa

Skill      XL: |  1  2  3  4  5  6  7  8 |
---------------+-------------------------+-----
Axes           | 3 4 5 6 7 |  7.9
Invocations    | 1 2 3 |  3.8
Shields        | 4 |  4.7
Fighting       | 4 6 |  6.0
Dodging        | 1 |  1.5
Armour         | 4 |  4.5

Action                   |  1- 3 |  4- 6 |  7- 9 || total
-------------------------+-------+-------+-------++-------
Melee: War axe           |    46 |   146 |   172 ||   364
Invok: Heroism           |       |     1 |     1 ||     2
 Abil: Dig               |     4 |     1 |     6 ||    11
  Use: Scroll            |     2 |     7 |     1 ||    10
       Potion            |       |       |     2 ||     2
Armor: Scale mail        |    20 |    72 |    60 ||   152
Dodge: Dodged            |    15 |    56 |    51 ||   122
Block: Kite shield       |    34 |    90 |    78 ||   202
